 Dungeon Crawl Stone Soup version 0.29.1-15-g9cfb28693d (webtiles) character file.

Game seed: 18162699469289278729

31299 croobank the Summoner (level 13, -6/57 HPs)
             Began as a Demonspawn Fire Elementalist on Apr 5, 2023.
             Was a High Priest of Hepliaklqana.
             Mangled by a brown very ugly thing (14 damage)
             ... on level 3 of the Abyss on Apr 6, 2023.
             The game lasted 01:48:08 (21245 turns).

croobank the Summoner (DsFE)                       Turns: 21245, Time: 01:48:08

Health: -6/57      AC: 11    Str:  7 (9)  XL:     13   Next: 25%
Magic:  17/27      EV: 14    Int: 15 (17) God:    Hepliaklqana [*****.]
Gold:   897        SH:  4    Dex: 10 (12) Spells: 5/25 levels left

rFire   . . .      SeeInvis .   r - +6 broad axe
rCold   . . .      Faith    .   (no shield)
rNeg    . . .      Spirit   .   T - +1 steam dragon scales
rPois   .          Reflect  .   (helmet restricted)
rElec   .          Harm     .   p - +1 cloak
rCorr   +          Rampage  .   m - +0 pair of gloves
Will    .....                   (no boots)
Stlth   +++.......              (no amulet)
HPRegen 0.19/turn               a - ring of resist corrosion
MPRegen 0.20/turn               x - ring of magical power

@: corroded, sanguine armoured, silenced
A: reduced essence, antennae 2, sanguine armour 2, condensation shield, demonic
magic 2, [clumsy 1], [deformed body], [deterioration 2], [dopey 2], [frail 3],
[low MP 2]
a: Renounce Religion


You were on level 3 of the Abyss.
You worshipped Hepliaklqana.
Hepliaklqana was extremely pleased with you.
You visited 3 branches of the dungeon, and saw 16 of its levels.
You visited the Abyss 1 time.
You also visited: Bailey and Gauntlet.

You collected 993 gold pieces.
You spent 96 gold pieces at shops.

Inventory:

Hand Weapons
 r - a +6 broad axe (weapon)
 A - a +1 dagger of speed
 C - a +2 antimagic hand axe
 X - a +3 dagger
Missiles
 s - 3 throwing nets
 y - 4 atropa-tipped darts
 D - 21 boomerangs
 L - 5 curare-tipped darts
 R - 2 datura-tipped darts
Armour
 m - a +0 pair of gloves (worn)
 p - a +1 cloak (worn)
 O - +0 swamp dragon scales
 T - +1 steam dragon scales (worn)
 V - a +2 robe of willpower
Magical Staves
 H - a staff of fire
Jewellery
 a - a ring of resist corrosion (left hand)
 e - a ring of ice
 f - a +4 ring of protection
 x - a ring of magical power (right hand)
 N - a +6 ring of strength
 Y - the ring "Mokhed" {rElec MP+9 Int-5 Dex+8 Stlth+}
   (You found it on level 10 of the Dungeon)

   [ring of magical power]

   Int:       It affects your intelligence (-5).
   Dex:       It affects your dexterity (+8).
   rElec:     It insulates you from electricity.
   MP:        It affects your magic capacity (+9).
   Stlth:     It makes you more stealthy.
 Z - a +4 ring of protection
Wands
 h - a wand of iceblast (7)
 B - a wand of charming (17)
 E - a wand of acid (3)
 G - a wand of mindburst (27)
Scrolls
 q - 4 scrolls of identify
 u - a scroll of fear
 v - 4 scrolls of teleportation
 w - 3 scrolls of poison
 P - a scroll of amnesia
 S - 4 scrolls of vulnerability
Potions
 c - a potion of brilliance
 d - 4 potions of haste
 g - a potion of berserk rage
 i - 6 potions of mutation
 j - 2 potions of magic
 k - 2 potions of might
 l - a potion of heal wounds
 n - 4 potions of flight
 o - 7 potions of curing
 z - a potion of resistance
 F - a potion of ambrosia
 M - 4 potions of lignification
 U - 2 potions of attraction
Miscellaneous
 b - a tin of tremorstones (2/2)


   Skills:
 - Level 7.1 Fighting
 + Level 8.0 Axes
 - Level 6.9 Dodging
 - Level 7.5 Stealth
 - Level 6.9 Spellcasting
 - Level 7.4 Conjurations
 - Level 6.2 Hexes
 - Level 9.1 Summonings
 - Level 7.3 Fire Magic
 - Level 7.1 Invocations


You had 5 spell levels left.
You knew the following spells:

 Your Spells              Type           Power      Damage    Failure   Level
a - Foxfire               Conj/Fire      100%       2x1d9     1%          1
b - Scorch                Fire           54%        2d8       1%          2
c - Searing Ray           Conj           54%        2d6       1%          2
d - Teleport Other        Tloc           5%         N/A       38%         3
e - Summon Guardian Gole  Hex/Summ       28%        N/A       1%          3
f - Summon Mana Viper     Hex/Summ       28%        N/A       16%         5
g - Flame Wave            Conj/Fire      27%        2d9       6%          4

Your spell library contained the following spells:

 Spells                   Type           Power      Damage    Failure   Level
 Magic Dart               Conj           100%       1d8       1%          1
 Conjure Flame            Conj/Fire      27%        6-21      1%          3
 Inner Flame              Hex/Fire       25%        N/A       2%          3
 Shock                    Conj/Air       64%        1d7       3%          1
 Sticky Flame             Conj/Fire      27%        2d5       6%          4
 Stone Arrow              Conj/Erth      32%        3d9       9%          3
 Fulminant Prism          Conj/Hex       12%        3d9       9%          4
 Sandblast                Erth           10%        2d5       14%         1
 Sting                    Tmut/Pois      20%        1d4       14%         1
 Blink                    Tloc           10%        N/A       21%         2
 Passwall                 Tmut/Erth      4%         N/A       21%         2
 Poisonous Vapours        Pois/Air       10%        N/A       21%         2
 Gell's Gravitas          Tloc           5%         N/A       38%         3
 Swiftness                Air            5%         N/A       38%         3
 Airstrike                Air            2%         2d(1-17)  80%         4
 Olgreb's Toxic Radiance  Pois           5%         N/A       80%         4
 Manifold Assault         Tloc           5%         N/A       98%         5
 Dispersal                Tloc           2%         N/A       100%        6
 Simulacrum               Ice/Necr       2%         N/A       100%        6
 Haunt                    Necr/Summ      9%         N/A       100%        7
 Storm Form               Tmut/Air       2%         N/A       100%        7
 Fire Storm               Conj/Fire      13%        8d4       100%        9


Dungeon Overview and Level Annotations

Branches:
Dungeon (11/15)            Temple (1/1) D:6            Lair (4/5) D:10
 Shoals (0/4) Lair:3        Snake (0/4) Lair:3          Orc (0/2) D:10
 Bailey (visited)         Gauntlet (visited)
  Slime: Lair:4-5

Altars:
Ashenzari
Cheibriados
Dithmenos
Fedhas
Gozag
Hepliaklqana
Kikubaaqudgha
Makhleb
Nemelex Xobeh
Okawaru
Qazlal
Ru
Sif Muna
Trog
Uskayaw
Vehumet
Wu Jian
Xom
Yredelemnul

Shops:
D:1 (   D:8 *

Portals:
Trove: D:10 (give 11 potions of heal wounds)

Annotations:
D:6 3 runed translucent doors, Beryl's ghost, novice MiFi
D:9 1 runed translucent door


Innate Abilities, Weirdness & Mutations

Your life essence is reduced to manifest your ancestor. (-10% HP)
You have a pair of antennae on your head.
When seriously injured, your blood forms thick armour. (AC +9)
A meltable shield of frost defends you. (SH +4)
Spells you cast may paralyse nearby enemies.
[You are clumsy. (Dex -2)]
[Armour fits poorly on your strangely shaped body.]
[Your body often deteriorates upon taking damage.]
[You are very dopey. (Int -4)]
[You are extremely frail. (-30% HP)]
[Your magical capacity is very low. (-20% MP)]


Message History

You kill the bunyip!
A purple draconian shifter comes into view.
It is wielding a +0 dagger.
You feel the corruption within you wane somewhat.
You feel stronger. x2; You feel agile.
Your Axes skill increases to level 8!
There is a runelight here.
You enter the shallow water.
Moving in this stuff is going to be slow.
Found five runelights.
A brown very ugly thing comes into view.
There is a runelight here.
There is a runelight here.
Okay, then.
You fade into invisibility!
The purple draconian shifter breathes dispelling energy at you.
The bolt of dispelling energy hits you!!
Your magical effects are unravelling.
* * * LOW HITPOINT WARNING * * *
Your body deteriorates!
You feel clumsy.
Your blood congeals into armour.
Okay, then.
You enter the shallow water.
Moving in this stuff is going to be slow. ...and don't expect to remain undetected.
You flicker back into view.
You feel a little less mighty now.
You feel much better.
Your blood armour dries and flakes away.
Okay, then.
You're wearing all the rings you can.
Remove which one? (? for menu, Esc to cancel) < or
f - a +4 ring of protection; > or
x - a ring of magical power You remove your +4 ring of protection.
The brown very ugly thing claws you!!
* * * LOW HITPOINT WARNING * * *
Your body deteriorates!
You feel weakened.
Your blood congeals into armour.
The acid corrodes you!
You are splashed with acid!
* * * LOW HITPOINT WARNING * * *
a - a ring of resist corrosion (left hand)
Found three runelights.
The brown very ugly thing claws you!
You die...

# .# . ## .. .
#. .. ..### #.
.# ...# .#.# #
..###...#.# ..
. ##.#@⌠⌠⌠⌠#
#.#.#
#⌠⌠~u###.~⌠⌠
.3. .# #⌠####
##⌠ .#. ##{ W#
#.. #⌠.# {#
###..##⌠##.##{
#..#....†q⌠# #
{φ # .
...#.⌠##.# #.
...# ##⌠#.##


You could see a brown very ugly thing.

Vanquished Creatures
  A bunyip (Abyss:3)
  2 boulder beetles
  A tengu warrior (D:9)
  Pikel (D:4)
  A deep elf pyromancer (D:9)
  An ugly thing (D:9)
  A merfolk siren (Lair:3)
  A cane toad (Lair:3)
  A polar bear (Lair:2)
  4 blink frogs (Lair:1)
  A hornet (D:9)
  A wyvern (D:9)
  A vampire mosquito (D:10)
  3 yaks
  3 steam dragons
  A warg (D:10)
  A naga (Lair:3)
  3 water moccasins
  9 orc warriors
  2 ice beasts
  2 ogres
  4 centaurs
  3 wolves (Lair:2)
  3 lemures (D:4)
  A phantom (D:5)
  A kobold brigand (D:7)
  3 bullfrogs
  2 necrophages
  4 gnoll sergeants
  4 scorpions
  4 wights (D:8)
  3 killer bees (D:7)
  A howler monkey (D:9)
  2 electric eels (Lair:3)
  2 gnoll boudas
  3 jellies
  5 orc priests
  7 hounds
  3 iguanas
  8 orc wizards
  9 adders
  20 gnolls
  2 shadow imps (D:6)
  3 white imps
  3 dart slugs
  A worm (D:2)
  30 orcs
  4 ball pythons
  3 bats
  8 endoplasms
  2 giant cockroaches
  10 goblins
  12 hobgoblins
  5 jackals
  4 quokkas
  A frilled lizard (D:3)
  A goblin zombie (D:9)
  A jackal skeleton (D:9)
  23 kobolds
  8 rats
254 creatures vanquished.

Vanquished Creatures (collateral kills)
  A fire dragon (D:9)
  A great orb of eyes (D:9)
  A boulder beetle (Lair:1)
  A two-headed ogre (D:10)
  A death yak (shapeshifter) (Abyss:2)
  A wretched star (Abyss:3)
  4 black mambas
  A merfolk siren (Lair:3)
  A gargoyle (D:10)
  A komodo dragon (Lair:4)
  3 cane toads
  Maggie (D:7)
  An ancient zyme (Abyss:3)
  A polar bear (Lair:1)
  2 trolls
  A hornet (D:10)
  3 blink frogs (Lair:1)
  4 wyverns
  5 wraiths (D:11)
  16 yaks
  A vampire mosquito (D:10)
  3 water moccasins
  An ice beast (D:7)
  11 wolves
  6 centaurs
  A kobold brigand (D:8)
  2 bullfrogs (Lair:2)
  3 orc priests
  A gnoll bouda (D:8)
  3 orc wizards
  10 gnolls (D:8)
  5 orcs
  4 foxfires
101 creatures vanquished.

Vanquished Creatures (others)
  An orc warlord (Bailey)
  2 two-headed ogres
  A manticore (D:10)
  A blink frog (Lair:1)
  A vampire mosquito (D:10)
  An orc warrior (D:8)
  A wight (D:8)
  A killer bee (D:7)
  2 ancestors
  5 battlemagi
  A gnoll (D:8)
  4 orcs
  649 foxfires
  6 fungi
  A lurking horror (Abyss:2)
  27 plants
704 creatures vanquished.

Grand Total: 1059 creatures vanquished

Notes
Turn   | Place    | Note
-------+----------+-------------------------------------------
     0 | D:1      | croobank the Demonspawn Fire Elementalist began the quest
                  | for the Orb.
     0 | D:1      | Reached XP level 1. HP: 13/13 MP: 3/3
   196 | D:1      | Found Desofubb's Weapon Shoppe.
   257 | D:1      | Gained mutation: When seriously injured, your blood forms
                  | armour. (AC +9) [demonic ancestry]
   257 | D:1      | Reached XP level 2. HP: 19/19 MP: 0/5
   260 | D:1      | Learned a level 2 spell: Scorch
   485 | D:1      | Found a faded altar of an unknown god.
  1274 | D:2      | Reached XP level 3. HP: 24/24 MP: 6/6
  1660 | D:2      | Reached XP level 4. HP: 31/31 MP: 7/7
  1702 | D:2      | Reached skill level 1 in Fighting
  3040 | D:3      | Reached XP level 5. HP: 25/37 MP: 0/8
  3552 | D:3      | Learned a level 2 spell: Searing Ray
  4445 | D:4      | Identified the +7 long sword of True Grit {holy, rPois rC++
                  | Dex+2}
  4472 | D:4      | Gained mutation: Spells you cast may paralyse adjacent
                  | enemies. [demonic ancestry]
  4472 | D:4      | Reached XP level 6. HP: 40/44 MP: 3/10
  5152 | D:5      | Entered Level 5 of the Dungeon
  5616 | D:5      | Gained mutation: When seriously injured, your blood forms
                  | thick armour. (AC +9) [demonic ancestry]
  5616 | D:5      | Reached XP level 7. HP: 47/51 MP: 7/11
  6134 | D:5      | Noticed Pikel
  6163 | D:4      | Killed Pikel
  6164 | D:4      | Reached XP level 8. HP: 36/60 MP: 14/14
  7319 | D:5      | Reached skill level 5 in Fire Magic
  7801 | D:6      | Found a runed translucent gate.
  7801 | D:6      | Found a runed translucent gate.
  7801 | D:6      | Found a runed translucent gate.
  7801 | D:6      | Noticed Beryl's ghost (novice MiFi)
  8053 | D:6      | Found a staircase to the Ecumenical Temple.
  8119 | Temple   | Entered the Ecumenical Temple
  8143 | Temple   | Became a worshipper of Hepliaklqana the Forgotten
  8271 | D:6      | Reached skill level 5 in Stealth
  8602 | D:7      | Found a flagged portal.
  8613 | D:7      | Reached skill level 1 in Invocations
  8613 | D:7      | Gained mutation: A meltable shield of frost defends you.
                  | (SH +4) [demonic ancestry]
  8613 | D:7      | Reached XP level 9. HP: 66/66 MP: 16/16
  8626 | Bailey   | Entered a bailey
  8940 | Bailey   | Noticed an orc warlord
  8986 | Bailey   | Reached skill level 5 in Conjurations
  9193 | Bailey   | Found a runed translucent gate.
  9195 | Bailey   | Found a runed translucent gate.
  9197 | Bailey   | Found a runed translucent gate.
  9395 | Bailey   | Learned a level 3 spell: Teleport Other
  9416 | Bailey   | Got the Almanac of Frigid Glamour
  9454 | Bailey   | Reached skill level 9 in Summonings
  9454 | Bailey   | Gained mutation: You have a pair of small antennae on your
                  | head. [demonic ancestry]
  9454 | Bailey   | Reached XP level 10. HP: 73/73 MP: 17/17
  9459 | Bailey   | Learned a level 3 spell: Summon Guardian Golem
  9465 | Bailey   | Learned a level 5 spell: Summon Mana Viper
  9474 | Bailey   | Killed an orc warlord
  9475 | Bailey   | Reached skill level 5 in Fighting
  9475 | Bailey   | Reached skill level 5 in Dodging
  9475 | Bailey   | Reached skill level 5 in Spellcasting
  9784 | D:7      | Reached * piety under Hepliaklqana
  9805 | D:7      | Found a shimmering altar of Xom.
  9808 | D:7      | Noticed Maggie
  9825 | D:7      | Killed Maggie
 10492 | D:7      | Noticed a two-headed ogre
 10501 | D:7      | Killed a two-headed ogre
 10596 | D:7      | Found a hide-covered altar of Uskayaw.
 10599 | D:7      | Found a sparkling altar of Nemelex Xobeh.
 10602 | D:7      | Found a shimmering blue altar of Sif Muna.
 10607 | D:7      | Found a stormy altar of Qazlal.
 10863 | D:8      | Found Vuolej's General Store.
 10924 | D:8      | Bought a potion of cancellation for 96 gold pieces
 10965 | D:8      | Gained mutation: You have a pair of antennae on your head.
                  | [demonic ancestry]
 10965 | D:8      | Reached XP level 11. HP: 28/70 MP: 5/19
 12864 | D:8      | Reached ** piety under Hepliaklqana
 12865 | D:8      | Remembered your ancestor Eideard as a battlemage
 13006 | D:9      | Found an opulent altar of Gozag.
 13247 | D:9      | Found a runed translucent door.
 13262 | D:9      | Found a basalt altar of Yredelemnul.
 13443 | D:9      | Noticed a deep elf pyromancer
 13446 | D:9      | Noticed a fire dragon
 13455 | D:10     | Entered Level 10 of the Dungeon
 13610 | D:10     | Found a burning altar of Makhleb.
 13817 | D:10     | Noticed an Executioner
 13917 | D:10     | Found a staircase to the Orcish Mines.
 14103 | D:10     | Found a portal to a secret trove of treasure.
 14117 | D:10     | Found a staircase to the Lair.
 14532 | D:10     | Identified the ring "Mokhed" {rElec MP+9 Int-5 Dex+8
                  | Stlth+}
 14596 | D:10     | Reached *** piety under Hepliaklqana
 14882 | D:10     | Noticed a two-headed ogre
 14891 | D:10     | Reached skill level 5 in Invocations
 14893 | D:10     | Killed a two-headed ogre
 15934 | D:11     | Noticed a two-headed ogre
 15940 | D:11     | Killed a two-headed ogre
 16144 | Lair:1   | Entered Level 1 of the Lair of Beasts
 16201 | Lair:1   | Reached XP level 12. HP: 72/80 MP: 21/21
 16441 | Lair:1   | Noticed a boulder beetle
 16450 | Lair:1   | Killed a boulder beetle
 16608 | Lair:1   | Found a gate leading to a gauntlet.
 16626 | Gauntlet | Entered a Gauntlet
 16626 | Gauntlet | Found a transporter.
 16633 | Gauntlet | Found a transporter.
 16636 | Gauntlet | Found a transporter.
 16639 | Gauntlet | Noticed a tengu warrior
 16641 | Gauntlet | Found a runed translucent door.
 16643 | Gauntlet | Found a runed translucent door.
 16645 | Gauntlet | Found a transporter.
 16647 | Gauntlet | Found a transporter.
 16649 | Gauntlet | Noticed a death yak
 16651 | Gauntlet | Noticed a death yak
 16651 | Gauntlet | Noticed a death yak
 16651 | Gauntlet | Noticed a quicksilver ooze
 16666 | Gauntlet | Found a transporter.
 16671 | Gauntlet | Noticed a death yak
 16673 | Gauntlet | Found a transporter.
 16673 | Gauntlet | Noticed a death yak
 16682 | Gauntlet | Noticed a quicksilver ooze
 16683 | Gauntlet | Found a transporter.
 16693 | Gauntlet | Found a transporter.
 16693 | Gauntlet | Noticed a cacodemon
 16713 | Gauntlet | Found a transporter.
 16713 | Gauntlet | Found a transporter.
 16715 | Gauntlet | Found a transporter.
 16735 | Gauntlet | Found a transporter.
 16761 | Gauntlet | Found a transporter.
 17059 | Lair:1   | Learned a level 4 spell: Flame Wave
 17115 | Lair:1   | Reached **** piety under Hepliaklqana
 17813 | Lair:2   | Got the Collected Works on Blazing Profane Deeds
 17855 | Lair:2   | Reached skill level 1 in Axes
 18904 | Lair:3   | Noticed a boulder beetle
 18914 | Lair:3   | Killed a boulder beetle
 19077 | Lair:3   | Found a staircase to the Shoals.
 19255 | Lair:3   | Reached skill level 5 in Axes
 19530 | Lair:3   | Reached ***** piety under Hepliaklqana
 19536 | Lair:3   | Found a staircase to the Snake Pit.
 20153 | D:9      | Killed a fire dragon
 20154 | D:9      | Gained mutation: Spells you cast may paralyse nearby
                  | enemies. [demonic ancestry]
 20154 | D:9      | Reached XP level 13. HP: 86/86 MP: 12/23
 20968 | Abyss:2  | Cast into level 2 of the Abyss (a wizard)
 21222 | Abyss:3  | Noticed a bunyip
 21234 | Abyss:3  | Killed a bunyip
 21234 | Abyss:3  | Noticed a purple draconian shifter
 21238 | Abyss:3  | Noticed a brown very ugly thing
 21245 | Abyss:3  | Mangled by a brown very ugly thing

Illustrated notes

Levels and vault maps discovered:
D:1:      grunt_arrival_lava_bath, layout_basic, serial_shops, shop,
          ebering_ecumenical_altar_ruins
D:2:      layout_basic, hangedman_feature_mirror
D:3:      layout_basic, mainiacjoe_overflow_tiny_flanked, lemuel_crystal_altar
D:4:      layout_loops_ring
D:5:      layout_cave_pools, nicolae_grassy_gnolls, uniq_pikel
D:6:      layout_basic, minmay_temple_entry_overgrown,
          ebering_ghost_rock_garden, minmay_door_square
D:7:      layout_loops_ring, mainiacjoe_overflow_cross_hatched, minitemple,
          enter_bailey_2, uniq_maggie
D:8:      layout_cave_pools, serial_gnoll_camp, gnoll_camp_mini_sergeant,
          gnoll_camp_mini_shop, gnoll_camp_medium_01, gnoll_camp_mini_doghouse
D:9:      minmay_chopped_fan, layout_small_grid, lemuel_crystal_altar,
          dk_yredelemnul_ordeal, kennysheep_generic_room_14
D:10:     layout_loops_ring, makhleb_altar_promises_db, dpeg_oklobed_lair,
          david_orc_3, enter_trove_0, kennysheep_decorative_pillar
D:11:     layout_basic, minmay_between, uniq_josephine
Temple:   pdpol_scorched_temple
Lair:1:   layout_small_grid, gauntlet_entry_generic, grunt_megastairs_2,
          serial_bayou_shore_b
Lair:2:   layout_cave_pods, minmay_holes
Lair:3:   layout_big_grid, elwin_shoals_entry_rooms,
          guppyfry_snake_entry_island, infiniplex_staircase_pool,
          lemuel_fruit_tree
Lair:4:   wad_woods_structure_01, layout_regular_city, serial_bayou_shore_a
Abyss:3:  base: D:15, evilmike_abyss_exit_2, evilmike_abyss_exit_chaos,
          evilmike_abyss_exit_kraken, evilmike_abyss_exit_2,
          evilmike_abyss_exit_13, evilmike_abyss_rune_ettins,
          evilmike_abyss_exit_2, evilmike_abyss_rune_ettins,
          onia_ninara_dug_in_and_dangerous

Skill      XL: |  1  2  3  4  5  6  7  8  9 10 11 12 13 |
---------------+----------------------------------------+-----
Stealth        | 2 3 4 5 6 7 |  7.5
Dodging        | 2 3 4 5 6 |  6.9
Fire Magic     | 3 4 5 6 7 |  7.3
Fighting       | 1 2 3 4 5 6 7 |  7.1
Conjurations   | 2 3 4 5 6 7 |  7.4
Spellcasting   | 3 4 5 6 |  6.9
Invocations    | 1 2 3 6 7 |  7.1
Hexes          | 6 |  6.2
Summonings     | 9 |  9.1
Axes           | 6 8 |  8.0

Action                   |  1- 3 |  4- 6 |  7- 9 | 10-12 | 13-15 || total
-------------------------+-------+-------+-------+-------+-------++-------
Melee: Hand axe          |     3 |       |       |       |       ||     3
       Dagger            |    23 |    40 |    50 |     6 |       ||   119
       Flail             |       |       |     2 |     9 |       ||    11
       Broad axe         |       |       |       |    19 |    26 ||    45
       Punch             |       |       |       |     2 |       ||     2
 Fire: Sling             |    42 |    28 |       |       |       ||    70
 Cast: Foxfire           |    13 |    44 |    77 |   234 |     6 ||   374
       Scorch            |    11 |    56 |    81 |   179 |    33 ||   360
       Searing Ray       |       |       |     4 |       |       ||     4
       Teleport Other    |       |       |     1 |       |       ||     1
       Summon Guardian G |       |       |       |    36 |     2 ||    38
       Summon Mana Viper |       |       |       |    30 |     4 ||    34
       Flame Wave        |       |       |       |       |     2 ||     2
Invok: Recall Ancestor   |       |       |       |     1 |     2 ||     3
       Ancestor Life: Ba |       |       |       |     1 |       ||     1
Evoke: Wand              |       |       |     1 |       |       ||     1
  Use: Scroll            |     6 |     6 |     8 |    13 |     1 ||    34
       Potion            |       |       |     2 |     4 |     6 ||    12
 Stab: Sleeping          |       |     1 |       |     2 |     3 ||     6
       Paralysed         |       |     1 |    23 |     4 |     4 ||    32
Armor: Robe              |    17 |    24 |    26 |     3 |       ||    70
       Steam dragon scal |       |       |       |    29 |    30 ||    59
Dodge: Dodged            |    30 |    40 |    64 |    76 |    37 ||   247
Block: Other             |       |       |     6 |    10 |    11 ||    27
